 Dungeon Crawl Stone Soup version 0.30-a0-782-ge64f9170bb (webtiles) character file.

Game seed: 1867260561593322788

1411 Jossarian the Conjurer (level 8, -1/54 HPs)
             Began as a Demonspawn Conjurer on Mar 1, 2023.
             Was an Initiate of Vehumet.
             Slain by Duvessa
             ... wielding a +0 short sword
              (15 damage)
             ... on level 5 of the Dungeon.
             The game lasted 01:22:15 (6517 turns).

Jossarian the Conjurer (Demonspawn Conjurer)        Turns: 6517, Time: 01:22:16

Health: -1/54      AC:  7    Str:  8    XL:     8   Next: 43%
Magic:  15/15      EV: 13    Int: 19    God:    Vehumet [......]
Gold:   222        SH:  5    Dex: 15    Spells: 11/17 levels left

rFire   + . .      SeeInvis +    r - staff of air
rCold   + . .      Faith    .    (no shield)
rNeg    . . .      Spirit   .    t - +1 robe {rC+}
rPois   .          Reflect  +    (helmet unavailable)
rElec   +          Harm     .    i - +0 cloak
rCorr   .          Rampage  .    d - +0 pair of fencer's gloves {Riposte Dex+3}
Will    .....                    (no boots)
Stlth   ++                       q - amulet of reflection
HPRegen 1.09/turn                n - ring of protection from fire
MPRegen 0.14/turn                (no ring)

@: mighty
A: antennae 3, powered by pain 1, sharp scales 2, hooves 1, dopey 1,
regeneration 1
a: Renounce Religion


You were on level 5 of the Dungeon.
You worshipped Vehumet.
Vehumet was noncommittal.
You visited 2 branches of the dungeon, and saw 6 of its levels.

You collected 222 gold pieces.

Inventory:

Hand Weapons
 k - a +1 whip of electrocution
 s - a +0 dagger of freezing
Missiles
 c - 14 stones
 e - 2 boomerangs
 j - 4 poisoned darts
 v - 4 atropa-tipped darts (quivered)
Armour
 a - a +1 robe
 d - the +0 pair of fencer's gloves (worn) {Riposte Dex+3}
   (You found it on level 3 of the Dungeon)

   Riposte:   It allows the wearer to riposte with melee weapons, swiftly
   retaliating against missed or blocked melee attacks.
   Dex:       It affects your dexterity (+3).
 i - a +0 cloak (worn)
 t - a +1 robe of cold resistance (worn)
Magical Staves
 r - a staff of air (weapon)
Jewellery
 g - an amulet of faith
 n - a ring of protection from fire (left hand)
 p - an amulet of regeneration
 q - an amulet of reflection (around neck)
Scrolls
 f - 2 scrolls of teleportation
 m - 3 scrolls of amnesia
 u - a scroll of brand weapon {unknown}
 w - a scroll of poison
Potions
 h - a potion of flight
 l - 2 potions of might
 o - 2 potions of curing {unknown}


   Skills:
 + Level 1.1 Fighting
 + Level 0.7 Maces & Flails
 + Level 2.7 Throwing
 + Level 3.4 Dodging
 + Level 3.7 Stealth
 + Level 1.3 Shields
 + Level 0.6 Unarmed Combat
 + Level 5.0 Spellcasting
 + Level 7.5 Conjurations


You had 11 spell levels left.
You knew the following spells:

 Your Spells              Type           Power      Damage    Failure   Level
a - Magic Dart            Conj           100%       1d8       1%          1
b - Searing Ray           Conj           66%        2d6       1%          2
c - Stone Arrow           Conj/Erth      38%        3d9       8%          3

Your spell library contained the following spells:

 Spells                   Type           Power      Damage    Failure   Level
 Dazzling Flash           Conj/Hex       38%        N/A       8%          3
 Sandblast                Erth           10%        2d5       12%         1
 Passwall                 Tmut/Erth      3%         N/A       19%         2
 Fulminant Prism          Conj/Hex       9%         3d7       26%         4
 Iskenderun's Mystic Bla  Conj/Tloc      19%        2d6       26%         4
 Lightning Bolt           Conj/Air       14%        1d27      58%         5
 Airstrike                Air            3%         2d(1-17)  77%         4
 Summon Lightning Spire   Summ/Air       7%         N/A       77%         4


Dungeon Overview and Level Annotations

Branches:
Dungeon (5/15)             Temple (1/1) D:4

Altars:
Ashenzari
Cheibriados
Dithmenos
Fedhas
Hepliaklqana
Nemelex Xobeh
Qazlal
Ru
Sif Muna
Trog
Uskayaw
Vehumet
Wu Jian
Yredelemnul

Annotations:
D:2 Natasha
D:5 Duvessa, Eustachio


Innate Abilities, Weirdness & Mutations

You have a pair of large antennae on your head. (SInv)
You sometimes gain a little power by taking damage.
You are mostly covered in razor-sharp scales. (AC +2, Slay +2)
You have large cloven feet.
You are dopey. (Int -2)
Your natural rate of healing is unusually fast.


Message History

You throw an atropa-tipped dart.
The atropa-tipped dart barely misses Duvessa.
Duvessa barely misses you.
Throw: 5 darts (atropa)
Press: ? - help, Q - select action, (/) - cycle Shift-Dir - straight line, f/p - Duvessa
Aim: Duvessa, wielding a +0 short sword, wearing a +3 leather armour of poison resistance and quivering stones (heavily wounded, berserk, 65% to hit, chance to blind on hit: 75%)
You throw an atropa-tipped dart. The atropa-tipped dart hits Duvessa.
Duvessa resists.
Duvessa is heavily wounded.
Duvessa misses you.
Casting: Searing Ray (safe; 1% risk of failure)
Confirm with . or Enter, or press ? or * to list all spells.
Aiming: Searing Ray (safe; 1% risk of failure)
Press: ? - help, Shift-Dir - straight line, f/p - Duvessa
Aim: Duvessa, wielding a +0 short sword, wearing a +3 leather armour of poison resistance and quivering stones (heavily wounded, berserk, 83% to hit)
The searing ray hits Duvessa.
Duvessa is heavily wounded. (Press . to maintain the ray.) Duvessa hits you but does no damage.
Duvessa barely misses you.
The searing ray hits Duvessa.
Duvessa is severely wounded.
Duvessa hits you with a +0 short sword!
The searing ray hits Duvessa but does no damage.
Duvessa is severely wounded.
Duvessa closely misses you.
You riposte.
You hit Duvessa.
Duvessa is severely wounded.
Duvessa completely misses you.
You riposte.
You hit Duvessa. You kick Duvessa!
Duvessa is almost dead.
Without enough magic to sustain it, your searing ray dissipates.
Duvessa hits you with a +0 short sword.
You hit Duvessa.
Duvessa is almost dead.
Duvessa hits you with a +0 short sword! Duvessa misses you.
Casting: Searing Ray (safe; 1% risk of failure)
Confirm with . or Enter, or press ? or * to list all spells.
Okay, then.
Magic courses through your body. Duvessa hits you with a +0 short sword.
* * * LOW HITPOINT WARNING * * *
Duvessa hits you with a +0 short sword!
You die...

##...#......# #...
##....#...... ###.#
##............##....
#..............#....
##......#............
#.......##........### #
#....#####.........##
#..##.......#......>..#.
#......@e.....(.........
#.....................##
#.....####........###...#
#...#.. ........###....
##..#.. ...............
#. ... .............. #
.... .........##.. .#.##
.............
............


You could see Duvessa (berserk).

Vanquished Creatures
  Pikel (D:4)
  2 ice beasts
  An ogre (D:4)
  A lemure (D:4)
  2 scorpions (D:5)
  Dowan (D:5)
  A howler monkey (D:5)
  A hound (D:5)
  A jelly (D:5)
  2 orc wizards (D:4)
  5 iguanas
  Natasha (D:2)
  10 adders
  A white imp (D:5)
  An ufetubus (D:5)
  8 dart slugs
  9 orcs
  10 ball pythons
  5 endoplasms
  5 giant cockroaches
  4 goblins (D:1)
  10 hobgoblins
  5 quokkas
  6 bats
  10 kobolds
  2 rats (D:2)
105 creatures vanquished.

Vanquished Creatures (others)
  An endoplasm (D:1)
  A giant cockroach (D:1)
  A goblin (D:1)
  A hobgoblin (D:1)
4 creatures vanquished.

Grand Total: 109 creatures vanquished

Notes
Turn   | Place    | Note
-------+----------+-------------------------------------------
     0 | D:1      | Jossarian the Demonspawn Conjurer began the quest for the
                  | Orb.
     0 | D:1      | Reached XP level 1. HP: 13/13 MP: 3/3
   530 | D:1      | Gained mutation: You are partially covered in razor-sharp
                  | scales. (AC +1, Slay +1) [demonic ancestry]
   530 | D:1      | Reached XP level 2. HP: 19/19 MP: 3/5
   548 | D:1      | You fall into a shaft and drop 1 floor!
   869 | D:2      | Gained mutation: You are dopey. (Int -2) [potion of
                  | mutation]
   869 | D:2      | Gained mutation: Your natural rate of healing is unusually
                  | fast. [potion of mutation]
   869 | D:2      | Gained mutation: You have large cloven feet. [potion of
                  | mutation]
   872 | D:2      | Reached XP level 3. HP: 3/24 MP: 0/6
   997 | D:2      | Noticed Natasha
  1006 | D:2      | Killed Natasha
  1007 | D:2      | Reached skill level 5 in Conjurations
  1045 | D:2      | Noticed Natasha
  1164 | D:1      | Learned a level 2 spell: Searing Ray
  1231 | D:1      | Gained mutation: You sometimes gain a little power by
                  | taking damage. [demonic ancestry]
  1231 | D:1      | Reached XP level 4. HP: 30/30 MP: 2/7
  2419 | D:3      | Found the +0 pair of fencer's gloves {Riposte Dex+3}
  3481 | D:3      | Gained mutation: You have a pair of small antennae on your
                  | head. [demonic ancestry]
  3481 | D:3      | Reached XP level 5. HP: 8/36 MP: 6/9
  3882 | D:4      | Noticed an ice beast
  4421 | D:4      | Reached skill level 1 in Throwing
  4421 | D:4      | Gained mutation: You have a pair of antennae on your head.
                  | [demonic ancestry]
  4421 | D:4      | Reached XP level 6. HP: 42/42 MP: 4/10
  4590 | D:4      | Found a staircase to the Ecumenical Temple.
  4611 | Temple   | Entered the Ecumenical Temple
  4801 | Temple   | Became a worshipper of Vehumet
  4982 | D:4      | Killed an ice beast
  4983 | D:4      | Reached skill level 6 in Conjurations
  5113 | D:5      | Entered Level 5 of the Dungeon
  5195 | D:5      | Noticed Pikel
  5265 | D:4      | Gained mutation: You are mostly covered in razor-sharp
                  | scales. (AC +2, Slay +2) [demonic ancestry]
  5265 | D:4      | Reached XP level 7. HP: 47/47 MP: 9/12
  5346 | D:5      | Noticed Eustachio
  5420 | D:5      | Noticed Duvessa
  5622 | D:5      | Noticed Dowan
  5869 | D:4      | Killed Pikel
  5870 | D:4      | Reached skill level 1 in Fighting
  5870 | D:4      | Reached skill level 1 in Shields
  5870 | D:4      | Reached skill level 7 in Conjurations
  5870 | D:4      | Gained mutation: You have a pair of large antennae on your
                  | head. (SInv) [demonic ancestry]
  5870 | D:4      | Reached XP level 8. HP: 54/54 MP: 8/15
  5928 | D:4      | Learned a level 3 spell: Stone Arrow
  5950 | D:5      | Killed Dowan
  6366 | D:5      | Reached skill level 5 in Spellcasting
  6517 | D:5      | Slain by Duvessa

Illustrated notes

Levels and vault maps discovered:
D:1:      amcnicky_arrival_blooded_trapdoor, layout_basic, lemuel_flame_loot_1
D:2:      layout_basic, eino_curves_01, uniq_natasha
D:3:      layout_loops_ring, kennysheep_decorative_pillar,
          hangedman_feature_mirror
D:4:      layout_rooms, minmay_temple_entry_statues,
          minmay_fractal_squares_diagonal_5
D:5:      layout_cave_pools, uniq_eustachio, uniq_duvessa, uniq_pikel
Temple:   regret_index_temple_sphere_string

Skill      XL: |  1  2  3  4  5  6  7  8 |
---------------+-------------------------+-----
Stealth        | 2 3 |  3.7
Conjurations   | 5 6 7 |  7.5
Dodging        | 2 3 |  3.4
Spellcasting   | 3 4 5 |  5.0
Throwing       | 1 2 |  2.7
Fighting       | 1 |  1.1
Shields        | 1 |  1.3
Maces & Flails | |  0.7
Unarmed Combat | |  0.6

Action                     |  1- 3 |  4- 6 |  7- 9 || total
---------------------------+-------+-------+-------++-------
  Melee: Unarmed           |     4 |       |       ||     4
         Dagger            |     2 |       |       ||     2
         Kick              |     1 |     4 |     2 ||     7
         Whip              |     1 |     6 |       ||     7
         Punch             |       |       |     1 ||     1
         Staff             |       |       |     1 ||     1
  Throw: Dart              |    14 |     4 |    13 ||    31
   Cast: Magic Dart        |    49 |   104 |    30 ||   183
         Searing Ray       |       |    27 |    18 ||    45
         Stone Arrow       |       |       |     4 ||     4
    Use: Potion            |     1 |     1 |     1 ||     3
         Scroll            |       |    12 |     2 ||    14
 Armour: Robe              |     8 |    12 |     3 ||    23
  Dodge: Dodged            |    16 |    32 |    27 ||    75
  Block: Other             |       |    12 |     3 ||    15
         Reflection        |       |     1 |       ||     1
Riposte: Whip              |       |     8 |       ||     8
         Staff             |       |     4 |    11 ||    15

Table legend: (Time is in decaauts)
 A = Elapsed time spent in this place.
 B = Non-inter-level travel time spent in this place.
 C = Inter-level travel time spent in this place.
 D = Time resting spent in this place.
 E = Time spent auto-exploring this place.
 F = Levels seen in this place.
 G = Mean time per level.
                   A        B        C        D        E       F      G
               +--------+--------+--------+--------+--------+-----+--------+
         Total |   6524 |   3583 |   2941 |   2036 |      0 |   6 | 1087.3 |
       Dungeon |   6309 |   3574 |   2735 |   2036 |      0 |   5 | 1261.8 |
        Temple |    215 |      9 |    206 |      0 |      0 |   1 |  215.0 |
               +--------+--------+--------+--------+--------+-----+--------+

Top non-repeatable levels by time:
     D:4: 1989 daAuts
     D:1: 1383 daAuts
     D:3: 1204 daAuts
     D:2: 981 daAuts
     D:5: 749 daAuts
  Temple: 215 daAuts
